 Dungeon Crawl Stone Soup version 0.27.1-2-g3b301248ec (webtiles) character file.

Game seed: 9140788327152552513

247 Dexcius the Chopper (level 5, 0/47 HPs)
             Began as a Minotaur Berserker on Sept 26, 2021.
             Was a Priest of Trog.
             Slain by a kobold (4 damage)
             ... on level 3 of the Dungeon.
             The game lasted 00:08:08 (2619 turns).

Dexcius the Chopper (Minotaur Berserker)            Turns: 2619, Time: 00:08:09

Health: 0/47       AC:  7    Str: 22    XL:     5   Next: 85%
Magic:  4/4        EV: 10    Int:  4    God:    Trog [***...]
Gold:   68         SH:  0    Dex: 10    Spells: 4/4 levels left

rFire    . . .     SeeInvis .   a - +0 hand axe
rCold    . . .     Faith    .   (no shield)
rNeg     . . .     Spirit   .   e - +0 scale mail
rPois    .         Reflect  .   (helmet restricted)
rElec    .         Harm     .   (no cloak)
rCorr    .         Rampage  .   (no gloves)
Will     .....                  (no boots)
Stlth    ..........             (no amulet)
HPRegen  0.15/turn              (no ring)
MPRegen  0.09/turn              (no ring)

@: lethally poisoned (0 -> -3), on berserk cooldown, slowed, very slow
A: horns 2, retaliatory headbutt
a: Renounce Religion, Berserk, Trog's Hand


You were on level 3 of the Dungeon.
You worshipped Trog.
Trog was most pleased with you.
You visited 1 branch of the dungeon, and saw 3 of its levels.

You collected 68 gold pieces.

Inventory:

Hand Weapons
 a - a +0 hand axe (weapon)
Armour
 e - a +0 scale mail (worn)
Wands
 g - a wand of mindburst (10)
Scrolls
 b - 2 scrolls of fog
 c - a scroll of identify
 f - a scroll of brand weapon {unknown}
 h - a scroll of teleportation {unknown}
Potions
 d - a potion of cancellation


   Skills:
 + Level 4.8 Fighting
 + Level 5.6 Axes
 + Level 4.6 Armour
 + Level 2.9 Dodging
 + Level 0.2 Stealth


You had 4 spell levels left.
You didn't know any spells.
Your spell library was empty.

Dungeon Overview and Level Annotations

Branches:
Dungeon (3/15)

Altars:
Trog
Wu Jian


Innate Abilities, Weirdness & Mutations

You have a pair of horns on your head.
You reflexively headbutt those who attack you in melee.


Message History

You hear a shout!
You hit the hobgoblin but do no damage. The hobgoblin barely misses you.
You furiously retaliate!
You headbutt the hobgoblin. The hobgoblin misses you. You furiously retaliate!
You headbutt the hobgoblin.
You kill the hobgoblin!
Trog accepts your kill.
You hit the kobold but do no damage. Your headbutt misses the kobold.
The kobold hits you but does no damage.
A kobold comes into view.
It is wielding a +0 short sword and quivering poisoned darts.
You closely miss the kobold. The kobold closely misses you.
The kobold throws a poisoned dart.
The poisoned dart hits you!
You are poisoned.
The kobold hits you but does no damage.
You hit the kobold but do no damage. You barely miss the kobold.
You feel very sick. The kobold barely misses you. You furiously retaliate!
You headbutt the kobold. The kobold barely misses you.
You hit the kobold.
The kobold is severely wounded.
You barely miss the kobold.
You feel very sick. The kobold hits you but does no damage.
The kobold hits you with a +0 short sword.
* * * LOW HITPOINT WARNING * * *
The kobold hits you but does no damage. x2
You miss the kobold. You headbutt the kobold.
You kill the kobold!
Trog accepts your kill.
You barely miss the kobold.
* * * LOW HITPOINT WARNING * * *
You feel sick.
A hobgoblin comes into view.
The kobold closely misses you.
Okay, then.
Okay, then.
You hit the kobold but do no damage.
* * * LOW HITPOINT WARNING * * *
You feel sick.
The kobold hits you with a +0 short sword.
You die...

.. ≈≈ ≈≈ ≈≈ ≈≈
##################
#..............#..
#.)......).....'..
#@)..).........###
#..K)))########......
#..g...# #......
#......# #####......
#+##.... ........###
#...$. ........)..
#.............)#..
##################


You could see a hobgoblin and a kobold.

Vanquished Creatures
  Ijyb (D:3)
  An iguana (D:3)
  5 gnolls (D:3)
  5 adders
  7 orcs (D:3)
  5 ball pythons
  4 endoplasms
  A giant cockroach (D:1)
  23 goblins (D:3)
  19 hobgoblins
  4 jackals (D:1)
  5 kobolds
  3 quokkas
  2 frilled lizards
85 creatures vanquished.

Vanquished Creatures (others)
  4 toadstools (D:1)
4 creatures vanquished.

Grand Total: 89 creatures vanquished

Notes
Turn   | Place    | Note
-------+----------+-------------------------------------------
     0 | D:1      | Dexcius the Minotaur Berserker began the quest for the Orb.
     0 | D:1      | Reached XP level 1. HP: 19/19 MP: 0/0
   201 | D:1      | Reached XP level 2. HP: 25/27 MP: 1/1
   203 | D:1      | Reached skill level 4 in Axes
  1101 | D:2      | Reached XP level 3. HP: 19/33 MP: 2/2
  1325 | D:2      | Reached ** piety under Trog
  1848 | D:3      | Reached XP level 4. HP: 36/40 MP: 3/3
  1860 | D:3      | Found an ornate altar of the Wu Jian Council.
  1872 | D:3      | Found a bloodstained altar of Trog.
  2050 | D:3      | Noticed Ijyb
  2062 | D:3      | Killed Ijyb
  2063 | D:3      | Reached skill level 5 in Axes
  2064 | D:3      | Reached XP level 5. HP: 19/47 MP: 4/4
  2421 | D:3      | Reached *** piety under Trog
  2619 | D:3      | Slain by a kobold

Illustrated notes

Levels and vault maps discovered:
D:1:      ldierk_walled_garden_2, layout_basic, minmay_pentomino_s4
D:2:      layout_loops_ring
D:3:      minmay_goblin_kobold_castle, layout_loops_ring,
          mainiacjoe_overflow_big_doors, lightli_temple_of_fire, uniq_ijyb

Skill      XL: |  1  2  3  4 |
---------------+-------------+-----
Axes           | 4 5 |  5.6
Fighting       | 4 |  4.8
Armour         | 3 4 |  4.6
Dodging        | |  2.9
Stealth        | |  0.2

Action                   |  1- 3 |  4- 6 || total
-------------------------+-------+-------++-------
Melee: Hand axe          |    79 |    91 ||   170
       Headbutt          |     4 |    21 ||    25
Invok: Berserk           |       |     2 ||     2
  Use: Potion            |     5 |       ||     5
       Scroll            |     6 |       ||     6
Armor: Ring mail         |    24 |       ||    24
       Animal skin       |     1 |       ||     1
       Scale mail        |     5 |    43 ||    48
Dodge: Dodged            |    45 |    53 ||    98
